 Dungeon Crawl Stone Soup version 0.26.1-11-gd32895ea62 (webtiles) character file.

Game seed: 697723857331606172

18 Revguard the Firebug (level 2, -1/26 HPs)
             Began as an Ogre Fire Elementalist on July 13, 2021.
             Slain by a hobgoblin
             ... wielding a +0 club
              (6 damage)
             ... on level 1 of the Dungeon.
             The game lasted 00:02:03 (754 turns).

Revguard the Firebug (Ogre Fire Elementalist)        Turns: 754, Time: 00:02:04

Health: -1/26      AC:  3    Str: 11    XL:     2   Next: 70%
Magic:  4/5        EV: 10    Int: 16    God:
Gold:   10         SH:  0    Dex:  9    Spells: 5/6 levels left

rFire    . . .     SeeInvis .   e - +0 club
rCold    . . .     Faith    .   (no shield)
rNeg     . . .     Spirit   .   a - +0 robe
rPois    .         Reflect  .   (helmet restricted)
rElec    .         Harm     .   (no cloak)
rCorr    .         Rampage  .   (gloves unavailable)
Will     .....                  (boots unavailable)
Stlth    +.........             (no amulet)
HPRegen  0.08/turn              (no ring)
MPRegen  0.09/turn              (no ring)

@: very slightly contaminated
A: large, unfitting armour, tough skin 1
a: no special abilities


You were on level 1 of the Dungeon.
You visited 1 branch of the dungeon, and saw 1 of its levels.

You collected 10 gold pieces.

Inventory:

Hand Weapons
 e - a +0 club (weapon)
Armour
 a - a +0 robe (worn)
Scrolls
 b - a scroll of enchant armour {unknown}
 c - 4 scrolls of identify {unknown}
 d - 2 scrolls of blinking {unknown}
 f - a scroll of amnesia {unknown}
 h - a scroll of magic mapping {unknown}
 i - 3 scrolls of noise {unknown}
Potions
 g - a potion of degeneration {unknown}


   Skills:
 + Level 0.7 Fighting
 + Level 0.2 Maces & Flails
 + Level 0.5 Armour
 + Level 1.9 Dodging
 - Level 1.4 Stealth
 + Level 2.7 Spellcasting
 + Level 1.1 Conjurations
 + Level 2.8 Fire Magic


You had 5 spell levels left.
You knew the following spells:

 Your Spells              Type           Power        Failure   Level
a - Foxfire               Conj/Fire      32%          9%          1

Your spell library contained the following spells:

 Spells                   Type           Power        Failure   Level
 Conjure Flame            Conj/Fire      8%           26%         3
 Inner Flame              Hex/Fire       6%           32%         3
 Sticky Flame             Conj/Fire      8%           63%         4
 Fireball                 Conj/Fire      4%           93%         5


Dungeon Overview and Level Annotations

Branches:
Dungeon (1/15)

Altars:


Innate Abilities, Weirdness & Mutations

You are too large for most types of armour.
You have tough skin. (AC +1)


Message History

The hobgoblin is moderately wounded.
The hobgoblin hits you with a +0 club.
You hit the hobgoblin but do no damage.
The hobgoblin is moderately wounded.
The hobgoblin hits you with a +0 club.
You barely miss the hobgoblin.
The hobgoblin is moderately wounded.
The hobgoblin hits you but does no damage. x2
You hit the hobgoblin but do no damage.
The hobgoblin is moderately wounded.
The hobgoblin hits you with a +0 club.
* * * LOW HITPOINT WARNING * * *
The hobgoblin hits you with a +0 club.
* * * LOW HITPOINT WARNING * * *
Casting: Foxfire (safe; 9% risk of failure)
Confirm with . or Enter, or press ? or * to list all spells.
You miscast Foxfire.
You are very lightly contaminated with residual magic.
Nothing appears to happen.
The hobgoblin hits you with a +0 club.
You die...

##.#######..#...######
..<..................#
##.#######..##.#######
⌠#.#⌠.......##..#
.#.#.##.....###.##
.#.#.#......# #r.#
.#.#.......## ##B##
..........#.####g.#
.........#..#...@.#
##.##########.#....#
..............#....#
##...#######..#......#
#...# #..####...#
##### #..# ....# #..#
#..## #..# #.. ##..


You could see a giant cockroach, a hobgoblin and a rat.

Vanquished Creatures
  2 dart slugs (D:1)
  2 bats (D:1)
  A giant cockroach (D:1)
  2 goblins (D:1)
  A hobgoblin (D:1)
  A frilled lizard (D:1)
  4 kobolds (D:1)
  A rat (D:1)
14 creatures vanquished.

Vanquished Creatures (others)
  24 foxfires (D:1)
24 creatures vanquished.

Grand Total: 38 creatures vanquished

Notes
Turn   | Place    | Note
-------+----------+-------------------------------------------
     0 | D:1      | Revguard the Ogre Fire Elementalist began the quest for the
                  | Orb.
     0 | D:1      | Reached XP level 1. HP: 16/16 MP: 3/3
   137 | D:1      | Reached skill level 1 in Conjurations
   215 | D:1      | Reached XP level 2. HP: 19/26 MP: 0/5
   754 | D:1      | Slain by a hobgoblin

Illustrated notes

Levels and vault maps discovered:
D:1:      matt_arrival_grand_opening, layout_basic, doesnt_xom_only_xom

Skill      XL: |  1 |
---------------+----+-----
Conjurations   | 1 |  1.1
Fighting       | |  0.7
Maces & Flails | |  0.2
Armour         | |  0.5
Dodging        | |  1.9
Stealth        | |  1.4
Spellcasting   | |  2.7
Fire Magic     | |  2.8

Action                   || total
-------------------------++-------
Melee: Club              ||    33
       Unarmed           ||     1
 Cast: Foxfire           ||    14
Armor: Robe              ||    14
Dodge: Dodged            ||    22
